 Dungeon Crawl Stone Soup version 0.29.1-2-gbd0b4ee654 (webtiles) character file.

Game seed: 15915335335506431487

379439 mortz the Conqueror (level 22, -15/169 HPs)
             Began as a Gargoyle Monk on Nov 28, 2022.
             Was the Champion of Okawaru.
             Killed from afar by a ghostly deep elf annihilator (75 damage)
             ... with a crystal spear
             ... on level 3 of the Elven Halls on Nov 30, 2022.
             The game lasted 05:32:31 (57623 turns).

mortz the Conqueror (Gargoyle Monk)                Turns: 57623, Time: 05:32:31

Health: -15/169    AC: 48    Str: 29    XL:     22   Next: 85%
Magic:  33/35      EV: 13    Int: 12    God:    Okawaru [******]
Gold:   3868       SH:  5    Dex: 12    Spells: 21/21 levels left

rFire   . . .      SeeInvis .   a - +9 lajatang (speed)
rCold   + . .      Faith    .   (shield currently unavailable)
rNeg    + + +      Spirit   .   t - +2 chain mail {Will+}
rPois   ∞          Reflect  +   M - +1 hat of Ichais {Will+}
rElec   +          Harm     .   O - +1 cloak of the Pink Corner {rN+ Regen+}
rCorr   .          Rampage  +   i - +4 pair of gloves of Freezing Brilliance {rN+ Str+4}
Will    +++..                   L - +2 pair of boots {rampage}
Stlth   ..........              Y - amulet of reflection
HPRegen 1.18/turn               q - +4 ring of protection
MPRegen 0.24/turn               J - ring of Happiness {rPois rC+ Slay+3}

@: finesse-ful, flying, studying Axes
A: sickness immunity, AC +16, big wings, negative energy resistance 1,
electricity resistance, torment resistance 1, petrification resistance
}: 2/15 runes: decaying, gossamer
a: Renounce Religion, Heroism, Finesse, Duel


You were on level 3 of the Elven Halls.
You worshipped Okawaru.
Okawaru was exalted by your worship.
You visited 8 branches of the dungeon, and saw 38 of its levels.
You also visited: Ice Cave.

You collected 6822 gold pieces.
You spent 2954 gold pieces at shops.

Inventory:

Hand Weapons
 a - a +9 lajatang of speed (weapon)
 b - the +11 quarterstaff of Ciroher {vorpal, rN+ Str+2}
   (You found it on level 5 of the Dungeon)

   It inflicts extra damage upon your enemies.
   Str:       It affects your strength (+2).
   rN:        It protects you from negative energy.
 l - the +10 dagger of Benevolence {drain, rN++ Int+2}
   (You found it on level 12 of the Dungeon)

   A truly terrible weapon, it drains the life of any living foe it strikes.
   Int:       It affects your intelligence (+2).
   rN:        It greatly protects you from negative energy.
 v - a +2 executioner's axe of electrocution
 w - the +7 lajatang "Caagit" {drain, rC- rCorr MP+9 Stlth+}
   (Okawaru gifted it to you on level 14 of the Dungeon)

   A truly terrible weapon, it drains the life of any living foe it strikes.
   rC:        It makes you vulnerable to cold.
   MP:        It affects your magic capacity (+9).
   rCorr:     It protects you from acid and corrosion.
   Stlth:     It makes you more stealthy.
 Z - a +4 lajatang of draining
Missiles
 d - 30 poisoned darts (quivered)
 z - 4 curare-tipped darts
 X - 2 silver javelins
Armour
 i - the +4 pair of gloves of Freezing Brilliance (worn) {rN+ Str+4}
   (You found it on level 4 of the Swamp)

   Str:       It affects your strength (+4).
   rN:        It protects you from negative energy.
 m - the +1 helmet "Qialleiw" {+Inv rC+ rCorr Dex+3}
   (Okawaru gifted it to you on level 2 of the Vaults)

   Dex:       It affects your dexterity (+3).
   rC:        It protects you from cold.
   +Inv:      It lets you turn invisible.
   rCorr:     It protects you from acid and corrosion.
 t - a +2 chain mail of willpower (worn)
 D - a scarf of repulsion
 L - a +2 pair of boots of rampaging (worn)
 M - the +1 hat of Ichais (worn) {Will+}
   (Okawaru gifted it to you on level 4 of the Spider Nest)

   Will:      It increases your willpower.
 N - the +2 cloak of Ubrossia {-Tele Fly rF+ Dex+3}
   (You found it on level 1 of the Lair of Beasts)

   Dex:       It affects your dexterity (+3).
   rF:        It protects you from fire.
   Fly:       It grants you flight.
   -Tele:     It prevents most forms of teleportation.
 O - the +1 cloak of the Pink Corner (worn) {rN+ Regen+}
   (You bought it in a shop on level 1 of the Elven Halls)

   rN:        It protects you from negative energy.
   Regen:     It increases your rate of health regeneration.
 S - a scarf of resistance
 T - a +4 plate armour of fire resistance
 U - the +3 crown of Dyrovepreva {rElec Int+2 SInv}
   (You bought it in a shop on level 9 of the Dungeon)

   Int:       It affects your intelligence (+2).
   rElec:     It insulates you from electricity.
   SInv:      It lets you see invisible.
 W - the +6 scale mail of the Lotus Blossom {rC+}
   (Okawaru gifted it to you on level 1 of the Lair of Beasts)

   rC:        It protects you from cold.
Jewellery
 h - a ring of positive energy
 q - a +4 ring of protection (left hand)
 J - the ring of Happiness (right hand) {rPois rC+ Slay+3}
   (You found it on level 6 of the Dungeon)

   [ring of protection from cold]

   Slay:      It affects your accuracy & damage with ranged weapons and melee
   (+3).
   rC:        It protects you from cold.
   rPois:     It protects you from poison.
 Y - an amulet of reflection (around neck)
Wands
 f - a wand of iceblast (13)
 j - a wand of mindburst (6)
 s - a wand of quicksilver (23)
 y - a wand of digging (5)
 K - a wand of polymorph (8)
 Q - a wand of flame (83)
Scrolls
 e - 7 scrolls of immolation
 p - 3 scrolls of torment
 x - 5 scrolls of blinking
 A - 7 scrolls of poison
 F - 5 scrolls of magic mapping
 G - 8 scrolls of teleportation
 I - 2 scrolls of fear
 P - 2 scrolls of enchant weapon
 V - 6 scrolls of fog
Potions
 c - 7 potions of ambrosia
 g - 4 potions of mutation
 k - 12 potions of haste
 n - 10 potions of might
 o - 3 potions of heal wounds
 r - 16 potions of curing
 u - 3 potions of cancellation
 C - 2 potions of invisibility
 E - 8 potions of magic
 H - 6 potions of attraction
 R - a potion of berserk rage
Miscellaneous
 B - a phial of floods


   Skills:
 O Level 27 Fighting
 - Level 13.0(13.2) Axes
 - Level 3.3(13.1) Maces & Flails
 - Level 13.8(14.0) Staves
 + Level 12.5 Armour
 + Level 10.5 Dodging
 + Level 3.0 Stealth
 + Level 14.2 Shields
 - Level 18.0 Invocations


You had 21 spell levels left.
You didn't know any spells.
Your spell library contained the following spells:

 Spells                   Type           Power      Damage    Failure   Level
 Apportation              Tloc           0%         N/A       77%         1
 Magic Dart               Conj           0%         1d3       77%         1
 Necrotise                Necr           0%         1d4       77%         1
 Sting                    Tmut/Pois      0%         1d3       77%         1
 Poisonous Vapours        Pois/Air       0%         N/A       88%         2
 Static Discharge         Conj/Air       0%         3-3/arc   88%         2
 Conjure Flame            Conj/Fire      0%         6-21      98%         3
 Dazzling Flash           Conj/Hex       0%         N/A       98%         3
 Gell's Gravitas          Tloc           0%         N/A       98%         3
 Ignite Poison            Fire/Tmut/Pois 0%         N/A       98%         3
 Lesser Beckoning         Tloc           0%         N/A       98%         3
 Mephitic Cloud           Conj/Pois/Air  0%         N/A       98%         3
 Ozocubu's Armour         Ice            0%         N/A       98%         3
 Teleport Other           Tloc           0%         N/A       98%         3
 Corpse Rot               Necr/Pois/Air  0%         N/A       100%        4
 Dispel Undead            Necr           0%         3d6       100%        4
 Flame Wave               Conj/Fire      0%         2d4       100%        4
 Hailstorm                Conj/Ice       0%         3d3       100%        4
 Ice Form                 Ice/Tmut       0%         N/A       100%        4
 Iskenderun's Mystic Bla  Conj/Tloc      0%         2d3       100%        4
 Olgreb's Toxic Radiance  Pois           0%         N/A       100%        4
 Passage of Golubria      Tloc           0%         N/A       100%        4
 Petrify                  Tmut/Erth      0%         N/A       100%        4
 Sticky Flame             Conj/Fire      0%         2d3       100%        4
 Agony                    Necr           0%         N/A       100%        5
 Alistair's Intoxication  Tmut/Pois      0%         N/A       100%        5
 Borgnjor's Vile Clutch   Necr/Erth      0%         N/A       100%        5
 Freezing Cloud           Conj/Ice/Air   0%         6-21      100%        5
 Irradiate                Conj/Tmut      0%         3d11      100%        5
 Silence                  Hex/Air        0%         N/A       100%        5
 Dispersal                Tloc           0%         N/A       100%        6
 Eringya's Noxious Bog    Tmut/Pois      0%         N/A       100%        6
 Starburst                Conj/Fire      0%         6d3       100%        6
 Ozocubu's Refrigeration  Ice            0%         4d7       100%        7
 Storm Form               Tmut/Air       0%         N/A       100%        7
 Ignition                 Fire           0%         3d3       100%        8
 Lehudib's Crystal Spear  Conj/Erth      0%         10d2      100%        8
 Maxwell's Capacitive Co  Air            0%         ∞         100%        8
 Summon Small Mammal      Summ           Unusable   N/A       N/A         1
 Call Imp                 Summ           Unusable   N/A       N/A         2
 Sublimation of Blood     Necr           Unusable   N/A       N/A         2
 Summon Lightning Spire   Summ/Air       Unusable   N/A       N/A         4
 Death Channel            Necr           Unusable   N/A       N/A         6
 Simulacrum               Ice/Necr       Unusable   N/A       N/A         6

Dungeon Overview and Level Annotations

Branches:
Dungeon (15/15) Zot: 23561  Temple (1/1) D:5 Zot: 5935    Lair (5/5) D:9 Zot: 20731
  Swamp (4/4) Lair:2 Zot: 16744  Spider (4/4) Lair:3 Zot: 17894   Slime (0/5) Lair:4
    Orc (2/2) D:9 Zot: 9643     Elf (3/3) Orc:2 Zot: 14994  Vaults (4/5) D:13 Zot: 16314
  Crypt (0/3) Vaults:3     Depths (0/4) D:15          IceCv (visited)

Altars:
Ashenzari
Cheibriados
Dithmenos
Elyvilon
Fedhas
Gozag
Hepliaklqana
Kikubaaqudgha
Makhleb
Nemelex Xobeh
Okawaru
Qazlal
Ru
Sif Muna
Trog
Uskayaw
Vehumet
Wu Jian
Xom
Yredelemnul
Zin
The Shining One
Jiyva

Shops:
D:9 [   Orc:1 *   Orc:2 !:=[?   Elf:1 [   Elf:2 **(   Vaults:1 ?

Portals:
Trove: D:10 (give +7 demon blade)

Annotations:
D:3 1 runed translucent door, Crazy Yiuf
D:4 1 runed translucent door, exclusion: 2 downstairs, Wentworth's ghost, amateur GnDe
Lair:4 1 runed translucent door
Spider:3 2 transporters, Lutefisk's ghost, adept DrAE; Xosikhlu's ghost, adept MiHu
Elf:3 Roxanne


Innate Abilities, Weirdness & Mutations

You are immune to sickness and miasma.
Your stone body is resilient. (AC +16)
You are immune to poison.
Your large and strong wings let you fly.
You resist negative energy. (rN+)
You are resistant to electric shocks. (rElec)
You are resistant to unholy torment.
You are immune to petrification.


Message History

Okawaru accepts your kill.
The deep elf annihilator gestures at you while chanting.
The bolt of lightning misses you.
You barely miss the deep elf annihilator.
The deep elf high priest utters a dark prayer and points at you.
You are unaffected.
You miss the deep elf annihilator.
You chop the deep elf annihilator into pieces!!!
The deep elf annihilator is almost dead.
You hear a shout!
You slash the deep elf annihilator!
You kill the deep elf annihilator!
Okawaru accepts your kill.
The deep elf archer unwields a +0 short sword.
The deep elf archer wields a +0 shortbow.
The deep elf archer shoots an arrow.
The arrow hits you!
The deep elf annihilator casts a spell at you.
The bolt of lightning hits you! You resist.
You hear a shout!
Your Stealth skill increases to level 3!
The deep elf high priest says, "The wrath of my God will be yours."
The deep elf high priest unwields a +0 scimitar.
The deep elf high priest wields a +0 shortbow.
The deep elf high priest shoots an arrow.
The deep elf high priest mumbles some strange prayers to its god against you.
The sphere of damnation explodes!
The damnation engulfs you!
You hear a shout! x2
You rampage towards the deep elf annihilator!
The deep elf annihilator barely misses you.
The deep elf death mage beckons forth a restless soul!
You barely miss the deep elf annihilator.
You slice the deep elf annihilator like a ripe choko!!!
The deep elf annihilator is severely wounded.
You chop the deep elf annihilator into pieces!!!
The lost soul assumes the form of the deep elf annihilator and becomes anchored to this world!
You barely miss the ghostly deep elf annihilator.
You slice the ghostly deep elf annihilator!!
The ghostly deep elf annihilator points at you and mumbles some strange words.
The crystal spear hits you!!!!
You die...

... ###...##. . .
..###.......## ..
.##..........##.#
#.............###
........e........
.e....e..........
.......e..(......
...###e###......
##.)@).##.....
###.....).###...
#........)..# ..
#...........# .
#...........#
#.....).....#
#...........#
#.....).....#
###.......###


You could see a ghostly deep elf annihilator (empowered), a deep elf death mage
(empowered), a deep elf archer (empowered, repels missiles) and a deep elf high
priest (brilliance aura).

Vanquished Creatures
  the Lernaean hydra (Swamp:3)
  Arachne (Spider:2)
  Nikola (Swamp:1)
  A tentacled monstrosity (Swamp:2)
  3 deep elf blademasters
  An ancient champion (Vaults:3)
  A deep elf master archer (Elf:3)
  Asterion (Spider:1)
  2 thorn hunters (Swamp:2)
  Frances (Swamp:2)
  Agnes (D:15)
  4 sphinxes
  Kirke (D:15)
  Donald (Vaults:4)
  A fire giant (Vaults:1)
  A deep elf sorcerer (Elf:1)
  2 fenstrider witches (Swamp:2)
  5 emperor scorpions
  An orc warlord (Vaults:3)
  5 ghost moths
  Aizul (Swamp:2)
  4 vault wardens
  7 deep elf elementalists
  4 war gargoyles
  The ghost of Porgheese the Martial Artist, a journeyman GnTm of Hepliaklqana (Swamp:4)
  4 ghouls (Swamp:2)
  12 ironbound preservers
  3 reapers (IceCv)
  5 very ugly things
  A broodmother (Spider:4)
  2 stone giants
  4 eleionomae
  8 ironbound thunderhulks
  5 deep elf demonologists
  Azrael (D:15)
  4 dire elephants (Vaults:3)
  5 spark wasps
  7 bunyips
  4 entropy weavers
  5 deep elf annihilators
  An eidolon (Vaults:3)
  A crystal guardian (Vaults:1)
  An ettin (Orc:1)
  5 deep elf death magi
  2 shambling mangroves
  A fire dragon (Lair:5)
  2 great orbs of eyes (Vaults:3)
  6 deep elf high priests
  7 yaktaur captains
  3 peacekeepers
  Fannar (D:12)
  Harold (D:11)
  32 hydras
  7 boulder beetles
  2 ice dragons (D:15)
  3 jorogumos
  A catoblepas (Lair:2)
  2 ogre magi
  4 caustic shrike simulacra (IceCv)
  A radroach (shapeshifter) (D:15)
  9 ghost crabs
  6 ironbound frosthearts
  14 centaur warriors
  10 two-headed ogres
  4 radroaches
  2 tengu warriors
  25 dancing weapons
  7 death scarabs (Spider:4)
  13 alligators
  15 spriggans
  16 deep elf knights
  Nergalle (D:12)
  11 pharaoh ants
  3 goliath frogs
  6 steelbarb worms
  A glowing orange brain (Vaults:4)
  45 deep trolls
  13 deep elf archers
  8 spriggan druids
  12 wizards
  11 swamp dragons
  6 orb spiders
  6 bog bodies
  A spectral jorogumo (Spider:4)
  5 orc knights
  A spriggan simulacrum (IceCv)
  2 necromancers
  A phantasmal warrior (Vaults:3)
  13 ironbound convokers
  A stone giant zombie (Vaults:1)
  A harpy (shapeshifter) (D:13)
  27 deep elf pyromancers
  14 lindwurms
  24 deep elf zephyrmancers
  2 obsidian statues (IceCv)
  4 spectral wolf spiders (Spider:4)
  24 ugly things
  2 wolf spider zombies (Spider:4)
  A broodmother zombie (Spider:4)
  6 harpies
  2 manticores (D:15)
  An orc sorcerer (Orc:2)
  A tengu skeleton (Vaults:1)
  A fire giant zombie (Vaults:1)
  7 will-o-the-wisps
  18 wolf spiders
  10 cyclopes
  15 elephants
  A fire giant skeleton (Vaults:2)
  12 vault sentinels
  2 moths of wrath (Spider:4)
  Maurice (Orc:1)
  7 torpor snails
  3 black mambas
  3 molten gargoyles (Lair:5)
  2 gargoyles
  2 unseen horrors
  2 spectral redbacks (Spider:4)
  10 cane toads
  2 kobold demonologists
  Maggie (D:9)
  A komodo dragon (shapeshifter) (D:13)
  9 komodo dragons
  27 yaktaurs
  3 human zombies
  6 demonic crawlers
  A tengu conjurer (D:14)
  2 efreet
  7 freezing wraiths
  11 tyrant leeches
  A golden dragon simulacrum (IceCv)
  A redback zombie (Spider:4)
  23 tarantellas
  5 polar bears
  9 meliai
  5 spectral jumping spiders (Spider:4)
  11 trolls
  A spectral culicivora (Spider:4)
  19 hornets
  31 slime creatures
  2 spectral tarantellas (Spider:4)
  24 blink frogs
  A tarantella zombie (Spider:4)
  Sigmund (D:6)
  2 air elementals
  25 culicivoras
  5 wyverns
  A spriggan (shapeshifter) (D:13)
  44 jumping spiders
  2 shadows
  2 yaks (shapeshifter)
  A culicivora (shapeshifter) (D:13)
  A vampire (D:12)
  10 fire elementals
  4 basilisks
  2 wraiths
  A water elemental (Elf:2)
  29 yaks
  5 hogs (D:15)
  Eustachio (D:5)
  A human (D:15)
  A steam dragon (D:10)
  A human simulacrum (Vaults:1)
  44 redbacks
  Grum (Lair:1)
  16 vampire mosquitoes
  Edmund (D:4)
  2 acid dragons
  14 swamp worms
  6 hydra simulacra (IceCv)
  16 water moccasins
  6 hell hounds
  An ice beast (D:6)
  7 swamp drakes
  A floating eye (shapeshifter) (D:14)
  13 orc warriors
  2 sky beasts
  23 ogres
  2 boggarts (Elf:1)
  A black bear (D:6)
  16 wolves
  8 centaurs
  A phantom (D:6)
  2 kobold brigands
  7 bullfrogs
  A gnoll sergeant (D:12)
  An earth elemental (Elf:2)
  6 scorpions
  An ogre simulacrum (Vaults:2)
  A deep troll simulacrum (IceCv)
  A hornet simulacrum (D:15)
  5 killer bees (D:10)
  3 electric eels (Lair:1)
  3 howler monkeys (D:9)
  A crimson imp (D:10)
  5 lava snakes (Lair:5)
  8 orc priests
  A gnoll bouda (D:7)
  3 hounds
  3 jellies
  Ijyb (D:5)
  2 iguanas (D:6)
  12 orc wizards
  17 gnolls
  3 adders
  A shadow imp (D:7)
  3 ufetubi
  3 worms
  A dart slug (D:3)
  41 orcs
  2 endoplasms (D:1)
  4 giant cockroaches (D:1)
  8 goblins
  5 hobgoblins
  4 quokkas
  6 ball pythons
  7 bats
  3 frilled lizards
  21 kobolds
  11 rats
  A spectral orc (D:6)
1409 creatures vanquished.

Vanquished Creatures (others)
  2 bloated husks
  A tyrant leech (Spider:1)
  An orc wizard (D:11)
  5 briar patches (Swamp:2)
  8 foxfires
  23 fungi
  39 plants
  4 withered plants (D:15)
83 creatures vanquished.

Grand Total: 1492 creatures vanquished

Notes
Turn   | Place    | Note
-------+----------+-------------------------------------------
     0 | D:1      | mortz the Gargoyle Monk began the quest for the Orb.
     0 | D:1      | Reached XP level 1. HP: 14/14 MP: 1/1
   375 | D:1      | Reached XP level 2. HP: 19/19 MP: 2/2
   819 | D:1      | Reached XP level 3. HP: 17/23 MP: 3/3
  1320 | D:2      | Reached skill level 1 in Maces & Flails
  1656 | D:2      | Found a faded altar of an unknown god.
  1700 | D:2      | Found a glowing silver altar of Zin.
  1866 | D:2      | Reached XP level 4. HP: 26/29 MP: 4/4
  2590 | D:3      | Reached skill level 4 in Fighting
  2590 | D:3      | Reached XP level 5. HP: 14/33 MP: 5/5
  2865 | D:3      | Found a hide-covered altar of Uskayaw.
  3276 | D:3      | Found a runed translucent door.
  3277 | D:3      | Noticed Crazy Yiuf
  3397 | D:3      | Found a radiant altar of Vehumet.
  3798 | D:4      | Reached XP level 6. HP: 39/39 MP: 6/6
  3827 | D:4      | Found a runed translucent door.
  3827 | D:4      | Noticed Wentworth's ghost (amateur GnDe)
  4512 | D:5      | Entered Level 5 of the Dungeon
  4540 | D:5      | Noticed Edmund
  4657 | D:5      | Noticed Ijyb
  4663 | D:4      | Killed Edmund
  4664 | D:4      | Reached skill level 5 in Fighting
  4960 | D:5      | Identified the +11 quarterstaff of Ciroher {vorpal, rN+
                  | Str+2}
  4965 | D:5      | Noticed Eustachio
  4999 | D:4      | Reached skill level 5 in Axes
  4999 | D:4      | Reached XP level 7. HP: 10/44 MP: 7/7
  5331 | D:4      | Reached skill level 1 in Staves
  5591 | D:5      | Killed Ijyb
  5722 | D:5      | Killed Eustachio
  5774 | D:5      | Found a staircase to the Ecumenical Temple.
  5779 | D:5      | Reached skill level 6 in Fighting
  5783 | Temple   | Entered the Ecumenical Temple
  5835 | Temple   | Became a worshipper of Warmaster Okawaru
  5835 | Temple   | Reached * piety under Okawaru
  5835 | Temple   | Reached ** piety under Okawaru
  6076 | D:6      | Reached XP level 8. HP: 46/51 MP: 8/8
  6177 | D:6      | Reached skill level 1 in Invocations
  6337 | D:6      | Noticed a wraith
  6348 | D:6      | Killed a wraith
  6349 | D:6      | Reached skill level 7 in Fighting
  6434 | D:6      | Identified the ring of Happiness {rPois rC+ Slay+3}
  6536 | D:6      | Found a blossoming altar of Fedhas.
  6680 | D:6      | Reached skill level 8 in Fighting
  6682 | D:6      | Reached *** piety under Okawaru
  6729 | D:6      | Found a snail-covered altar of Cheibriados.
  6736 | D:6      | Reached skill level 5 in Staves
  6736 | D:6      | Reached XP level 9. HP: 59/59 MP: 11/11
  6740 | D:6      | Noticed Sigmund
  6751 | D:6      | Killed Sigmund
  6851 | D:6      | Found a basalt altar of Yredelemnul.
  7004 | D:6      | Identified 2 scrolls of acquirement
  7004 | D:6      | Acquired a +0 pair of boots of rampaging
  7016 | D:6      | Acquired a manual of Axes
  7449 | D:7      | Reached skill level 9 in Fighting
  8534 | D:8      | Reached skill level 5 in Invocations
  8543 | D:8      | Found a shadowy altar of Dithmenos.
  8568 | D:8      | Reached **** piety under Okawaru
  8610 | D:8      | Found a white marble altar of Elyvilon.
  9044 | D:9      | Found a glowing silver altar of Zin.
  9044 | D:9      | Found a burning altar of Makhleb.
  9049 | D:9      | Reached skill level 10 in Fighting
  9054 | D:9      | Reached XP level 10. HP: 58/68 MP: 12/14
  9083 | D:9      | Noticed an Executioner
  9083 | D:9      | Noticed an angel
  9083 | D:9      | Found a staircase to the Lair.
  9191 | D:9      | Found Xegiab's Armour Emporium.
  9320 | D:9      | Reached skill level 11 in Fighting
  9321 | D:9      | Reached ***** piety under Okawaru
  9479 | D:9      | Noticed Maggie
  9495 | D:9      | Killed Maggie
  9515 | D:9      | Received a gift from Okawaru
  9645 | D:9      | Found a staircase to the Orcish Mines.
  9848 | D:9      | Found a hazy altar of Hepliaklqana.
 10126 | D:9      | Reached skill level 12 in Fighting
 10136 | D:9      | Bought the +3 crown of Dyrovepreva {rElec Int+2 SInv} for
                  | 579 gold pieces
 10136 | D:9      | Found the +3 crown of Dyrovepreva {rElec Int+2 SInv}
 10168 | D:10     | Entered Level 10 of the Dungeon
 10306 | D:10     | Noticed a wizard
 10315 | D:10     | Killed a wizard
 10316 | D:10     | Reached XP level 11. HP: 74/76 MP: 16/16
 10362 | D:10     | Found a stormy altar of Qazlal.
 10446 | D:10     | Noticed a two-headed ogre
 10452 | D:10     | Killed a two-headed ogre
 10988 | D:10     | Noticed a moth of wrath
 10991 | D:10     | Found a bloodstained altar of Trog.
 11105 | D:10     | Found a portal to a secret trove of treasure.
 11280 | Lair:1   | Entered Level 1 of the Lair of Beasts
 11292 | Lair:1   | Noticed a four-headed hydra
 11312 | Lair:1   | Killed a four-headed hydra
 11313 | Lair:1   | Reached skill level 13 in Fighting
 11658 | Lair:1   | Noticed Grum
 11683 | Lair:1   | Killed Grum
 11754 | Lair:1   | Identified the +2 cloak of Ubrossia {-Tele Fly rF+ Dex+3}
 12157 | Lair:1   | Identified the +6 scale mail of the Lotus Blossom {rC+}
                  | (Okawaru gifted it to you on level 1 of the Lair of Beasts)
 12157 | Lair:1   | Received a gift from Okawaru
 12337 | Lair:1   | Reached skill level 14 in Fighting
 12999 | Lair:2   | Reached XP level 12. HP: 85/85 MP: 18/18
 13323 | Lair:2   | Noticed a catoblepas
 13342 | Lair:2   | Killed a catoblepas
 13738 | Lair:2   | Reached skill level 15 in Fighting
 14176 | Lair:2   | Reached skill level 10 in Invocations
 14255 | Lair:2   | Found a staircase to the Swamp.
 14268 | Lair:2   | Reached skill level 10 in Staves
 14313 | Lair:3   | Noticed a six-headed hydra
 14327 | Lair:2   | Killed a six-headed hydra
 14611 | Lair:3   | Reached ****** piety under Okawaru
 14625 | Lair:3   | Received a gift from Okawaru
 15115 | Lair:3   | Found a hole to the Spider Nest.
 15123 | Lair:3   | Reached skill level 16 in Fighting
 15713 | Lair:4   | Reached XP level 13. HP: 79/93 MP: 21/21
 15927 | Lair:4   | Found a runed translucent door.
 15928 | Lair:4   | Found a viscous altar of Jiyva.
 16365 | Lair:4   | Got Xic Ahoe's Cyclopedia of the Bloody Inferno
 16845 | Lair:4   | Found a staircase to the Slime Pits.
 16948 | Lair:5   | Entered Level 5 of the Lair of Beasts
 17033 | Lair:5   | Received a gift from Okawaru
 17499 | Lair:5   | Reached skill level 17 in Fighting
 18305 | Lair:5   | Received a gift from Okawaru
 18508 | Lair:5   | Found a snail-covered altar of Cheibriados.
 18623 | Lair:5   | Gained mutation: Your large and strong wings let you fly.
                  | [Gargoyle growth]
 18623 | Lair:5   | Reached XP level 14. HP: 103/103 MP: 23/23
 18670 | Lair:5   | Reached skill level 18 in Fighting
 18773 | Lair:5   | Found a large runed translucent door.
 18774 | Lair:5   | Found a large runed translucent door.
 20029 | D:11     | Noticed Harold
 20036 | D:11     | Killed Harold
 20517 | D:12     | Identified the +0 scale mail of the Wild Haggis {Drain
                  | +Blink Dex+4 Slay+2}
 20518 | D:12     | Noticed Fannar
 20536 | D:12     | Killed Fannar
 20615 | D:12     | Identified the +10 dagger of Benevolence {drain, rN++
                  | Int+2}
 20946 | D:12     | Noticed Nergalle
 20952 | D:12     | Killed Nergalle
 21402 | D:12     | Received a gift from Okawaru
 21495 | Orc:1    | Entered Level 1 of the Orcish Mines
 21495 | Orc:1    | Noticed Maurice
 21502 | Orc:1    | Killed Maurice
 21593 | Orc:1    | Reached skill level 19 in Fighting
 21620 | Orc:1    | Found Ukhorooh's Assorted Antiques.
 22033 | Orc:2    | Entered Level 2 of the Orcish Mines
 22043 | Orc:2    | Found a staircase to the Elven Halls.
 23190 | Orc:2    | Reached XP level 15. HP: 99/111 MP: 25/25
 23423 | Orc:2    | Found Zeidghaicw's Magic Scroll Shop.
 23430 | Orc:2    | Found Wyjeh's Antique Armour Shoppe.
 23437 | Orc:2    | Bought a scroll of acquirement for 728 gold pieces
 23439 | Orc:2    | Found Axohol's Jewellery Boutique.
 23440 | Orc:2    | Found Lalolia's Book Boutique.
 23442 | Orc:2    | Bought a pair of glowing gloves for 187 gold pieces
 23471 | Orc:1    | Acquired 580 gold pieces
 23515 | Orc:2    | Found Uny Foa's Distillery.
 23527 | Orc:2    | Bought a potion of curing for 42 gold pieces
 23527 | Orc:2    | Bought a potion of heal wounds for 70 gold pieces
 23527 | Orc:2    | Bought a potion of curing for 42 gold pieces
 24006 | D:12     | Received a gift from Okawaru
 24390 | D:13     | Reached skill level 20 in Fighting
 24775 | D:13     | Found a gate to the Vaults.
 25004 | D:14     | Reached XP level 16. HP: 120/120 MP: 26/26
 25651 | D:14     | Identified the +7 lajatang "Caagit" {drain, rC- rCorr MP+9
                  | Stlth+} (Okawaru gifted it to you on level 14 of the
                  | Dungeon)
 25651 | D:14     | Received a gift from Okawaru
 25891 | D:15     | Entered Level 15 of the Dungeon
 26015 | D:15     | Noticed Azrael
 26023 | D:14     | Reached skill level 21 in Fighting
 26316 | D:15     | Killed Azrael
 26324 | D:15     | Found an ancient bone altar of Kikubaaqudgha.
 26367 | D:15     | Found a frozen archway.
 26371 | IceCv    | Entered an ice cave
 27189 | IceCv    | Received a gift from Okawaru
 27559 | D:15     | Reached skill level 15 in Invocations
 27918 | D:15     | Noticed Agnes
 27932 | D:15     | Killed Agnes
 27955 | D:15     | Acquired 752 gold pieces
 28008 | D:15     | Reached skill level 22 in Fighting
 28014 | D:15     | Noticed Kirke
 28020 | D:15     | Killed Kirke
 28021 | D:15     | Reached XP level 17. HP: 118/128 MP: 28/28
 28562 | D:15     | Found a staircase to the Depths.
 28799 | D:9      | Bought a +3 plate armour of fire resistance for 630 gold
                  | pieces
 28870 | Swamp:1  | Entered Level 1 of the Swamp
 29865 | Swamp:1  | Identified the +2 hat of the Vacuum {Stlth+} (Okawaru
                  | gifted it to you on level 1 of the Swamp)
 29865 | Swamp:1  | Received a gift from Okawaru
 30245 | Swamp:1  | Noticed Nikola
 30258 | Swamp:1  | Killed Nikola
 30772 | Swamp:2  | Noticed Aizul
 30794 | Swamp:2  | Killed Aizul
 31228 | Swamp:2  | Reached skill level 23 in Fighting
 31440 | Swamp:2  | Noticed Frances
 32208 | Swamp:2  | Noticed a tentacled monstrosity
 32214 | Swamp:2  | Killed a tentacled monstrosity
 33361 | Swamp:2  | Killed Frances
 33906 | Swamp:2  | Identified the +1 plate armour of the Grue {Int+4} (Okawaru
                  | gifted it to you on level 2 of the Swamp)
 33906 | Swamp:2  | Received a gift from Okawaru
 34347 | Swamp:3  | Reached skill level 24 in Fighting
 34363 | Swamp:2  | Reached XP level 18. HP: 136/138 MP: 30/30
 35183 | Swamp:4  | Entered Level 4 of the Swamp
 35758 | Swamp:4  | Noticed the 27-headed Lernaean hydra
 36194 | Swamp:3  | Killed the 26-headed Lernaean hydra
 36334 | Swamp:3  | Received a gift from Okawaru
 36569 | Swamp:4  | Found a runed translucent gate.
 36569 | Swamp:4  | Found a runed translucent gate.
 36569 | Swamp:4  | Found a runed translucent gate.
 36570 | Swamp:4  | Noticed Porgheese's ghost (journeyman GnTm)
 36593 | Swamp:4  | Got a decaying rune of Zot
 36688 | Swamp:4  | Reached skill level 25 in Fighting
 37010 | Swamp:4  | Identified the +3 buckler "Rygg" {Contam rPois Str+3}
                  | (Okawaru gifted it to you on level 4 of the Swamp)
 37010 | Swamp:4  | Received a gift from Okawaru
 37011 | Swamp:4  | Killed Porgheese's ghost
 37213 | Swamp:4  | Identified the +4 pair of gloves of Freezing Brilliance
                  | {rN+ Str+4}
 37354 | Spider:1 | Entered Level 1 of the Spider Nest
 37927 | Spider:1 | Noticed Asterion
 37947 | Spider:1 | Killed Asterion
 38449 | Spider:1 | Reached skill level 1 in Armour
 39275 | Spider:2 | Noticed Arachne
 39290 | Spider:2 | Killed Arachne
 39291 | Spider:2 | Reached XP level 19. HP: 137/148 MP: 32/32
 39913 | Spider:2 | Reached skill level 26 in Fighting
 39938 | Spider:2 | Received a gift from Okawaru
 41158 | Spider:3 | Reached skill level 1 in Shields
 41167 | Spider:3 | Reached skill level 5 in Armour
 41588 | Spider:3 | Found a transporter.
 41588 | Spider:3 | Noticed Lutefisk's ghost (adept DrAE)
 41591 | Spider:3 | Noticed Xosikhlu's ghost (adept MiHu)
 41617 | Spider:3 | Found a transporter.
 42194 | Spider:4 | Entered Level 4 of the Spider Nest
 42296 | Spider:4 | Identified the +0 dagger "Gelyfurph" {freeze, Stlth+}
 42404 | Spider:4 | Reached skill level 5 in Dodging
 42776 | Spider:4 | Identified the +1 hat of Ichais {Will+} (Okawaru gifted it
                  | to you on level 4 of the Spider Nest)
 42776 | Spider:4 | Received a gift from Okawaru
 43088 | Spider:4 | Reached skill level 5 in Shields
 43692 | Spider:4 | Reached XP level 20. HP: 156/156 MP: 33/33
 43729 | Spider:4 | Identified the +1 robe "Neopnoef" {Contam Harm rCorr Int+4}
 43734 | Spider:4 | Got a gossamer rune of Zot
 44073 | Vaults:1 | Entered Level 1 of the Vaults
 44083 | Vaults:1 | Found Vicum's Magic Scroll Boutique.
 44088 | Vaults:1 | Bought a scroll of blinking for 105 gold pieces
 44088 | Vaults:1 | Bought a scroll of enchant weapon for 105 gold pieces
 44088 | Vaults:1 | Bought a scroll of enchant weapon for 105 gold pieces
 45075 | D:13     | Received a gift from Okawaru
 45305 | Vaults:1 | Reached skill level 27 in Fighting
 46262 | Vaults:1 | Received a gift from Okawaru
 46642 | Vaults:1 | Identified the +6 leather armour of the Minstrel {MP+9
                  | Str+7}
 47210 | Vaults:1 | Reached skill level 10 in Shields
 47329 | Vaults:1 | Identified the +9 sling of the Equinox {freeze, +Blink Fly
                  | rC-}
 48978 | Vaults:2 | Reached XP level 21. HP: 128/163 MP: 34/34
 49211 | Vaults:2 | Identified the +1 helmet "Qialleiw" {+Inv rC+ rCorr Dex+3}
                  | (Okawaru gifted it to you on level 2 of the Vaults)
 49211 | Vaults:2 | Received a gift from Okawaru
 50480 | Vaults:3 | Reached skill level 10 in Armour
 50888 | Vaults:3 | Found a staircase to the Crypt.
 51834 | Vaults:3 | Identified the +2 hat of Yro Xuff {rC+} (Okawaru gifted it
                  | to you on level 3 of the Vaults)
 51834 | Vaults:3 | Received a gift from Okawaru
 53489 | Vaults:4 | Noticed Donald
 53506 | Vaults:4 | Killed Donald
 54286 | Elf:1    | Entered Level 1 of the Elven Halls
 54547 | Elf:1    | Found Waxiteb's Antique Armour Emporium.
 54560 | Elf:1    | Bought a translucent cloak for 361 gold pieces
 54560 | Elf:1    | Identified the +1 cloak of the Pink Corner {rN+ Regen+}
                  | (You bought it in a shop on level 1 of the Elven Halls)
 54576 | Elf:1    | Reached XP level 22. HP: 156/169 MP: 35/35
 55063 | Elf:1    | Paralysed by an air elemental for 1 turns
 55095 | Elf:1    | Reached skill level 10 in Dodging
 55604 | Elf:2    | Received a gift from Okawaru
 55925 | Elf:2    | Found a runed translucent gate.
 55925 | Elf:2    | Found a runed translucent gate.
 55926 | Elf:2    | Found a runed translucent gate.
 56079 | Elf:2    | Received a gift from Okawaru
 56087 | Elf:2    | Found Perreixt's Antique Weapon Boutique.
 56089 | Elf:2    | Found Meynezio's General Store.
 56091 | Elf:2    | Found Jocvuon's Assorted Antiques.
 56275 | Elf:2    | Reached skill level 10 in Axes
 56628 | Elf:3    | Entered Level 3 of the Elven Halls
 56732 | Elf:3    | Noticed Roxanne
 57581 | Elf:3    | Identified the +1 ring mail "Qelih" {rPois Str+2 Int-2}
 57623 | Elf:3    | Killed from afar by a ghostly deep elf annihilator

Illustrated notes

Levels and vault maps discovered:
D:1:      minmay_arrival_diagonal_passages, layout_basic
D:2:      layout_basic, basic_altar, ebering_ecumenical_altar_petrified,
          minmay_pentomino_u2
D:3:      layout_loops_cross, mainiacjoe_overflow_alcove_4, marbit_many_paths,
          minmay_splitting_lines, uniq_crazy_yiuf_cottage
D:4:      layout_cave_pools, hellmonk_ghost_happy_afterlife
D:5:      layout_rooms, minmay_temple_entry_purple_smoke, uniq_edmund,
          uniq_eustachio, uniq_ijyb
D:6:      layout_loops_ring, nicolae_overflow_hidden_temple,
          yredelemnul_forgotten_temple_becter, slow_altar_1,
          mrwooster_statue_mirror, uniq_sigmund
D:7:      layout_loops_corners
D:8:      layout_cave_pools, elyvilon_altar_1, grunt_dithmenos_smoke_and_mirrors
D:9:      layout_long_grid, nzn_hepliaklqana_mist_gate,
          grunt_temple_overflow_order_and_chaos_2, lair_entry_dummy,
          orc_david_3, serial_shops, shop, uniq_maggie
D:10:     layout_roguey, lemuel_round_altar, tgw_trog, trove_entry_hex_spiral,
          grunt_ministairs_4, lightli_wizard_tower
D:11:     layout_rooms, uniq_harold
D:12:     layout_gridville, uniq_fannar, uniq_nergalle
D:13:     layout_cross, david_vaults_2
D:14:     layout_roguey
D:15:     grunt_enter_depths_hoard, layout_gridville, kiku_gazebo_garden_becter,
          portal_ice_cave_entry_pillars_four, minmay_misc_feat_pillars,
          chequers_arboretum, hangedman_abyss_or_decor_jellyfish_corner,
          uniq_agnes, uniq_azrael, uniq_kirke
Temple:   eino_wide_crystal_templ
Lair:1:   layout_chaotic_city, gauntlet_entry_generic, bh_autumn_forest_stairs,
          beast_lair_carwin_2, lemuel_fruit_fields, grunt_megastairs_2,
          serial_bayou_shore_a, uniq_grum
Lair:2:   layout_chaotic_city, minmay_swamp_entry_worms
Lair:3:   layout_long_grid, hellmonk_spider_entry_life_and_decay,
          chequers_serial_rivers_small_3
Lair:4:   layout_regular_city, slime_entry_2, worms_lemuel
Lair:5:   cheibrodos_lair_end_hotspot, layout_regular_city,
          kennysheep_snail_temple, infiniplex_staircase_pool_2
Swamp:1:  layout_basic_swamp, hangedman_swamp_blocks, uniq_nikola
Swamp:2:  nzn_winding_woodlands_cross [nzn_winding_woodlands_5x15_eye,
          nzn_winding_woodlands_5x15_twine, nzn_winding_woodlands_5x15_default,
          nzn_winding_woodlands_5x15_default,
          nzn_winding_woodlands_15x15_witchcraft], layout_basic_swamp,
          evilmike_swamp_ruin_wall, uniq_aizul, uniq_frances
Swamp:3:  layout_basic_swamp, nicolae_swamp_decorative_isthmus
Swamp:4:  swamp, layout_basic_swamp, gammafunk_ghost_hydra_chop,
          infiniplex_staircase_pool
Spider:1: layout_cave_pods, nicolae_spider_swamp_cousins, uniq_asterion
Spider:2: nicolae_spider_hilbert_zone_3 [nicolae_spider_hilbert_4_sides_2_open,
          nicolae_spider_hilbert_3_sides_1_open,
          nicolae_spider_hilbert_3_sides_1_open,
          nicolae_spider_hilbert_3_sides_1_open,
          nicolae_spider_hilbert_3_sides_1_open,
          nicolae_spider_hilbert_4_sides_1_open,
          nicolae_spider_hilbert_4_sides_1_open,
          nicolae_spider_hilbert_4_sides_1_open,
          nicolae_spider_hilbert_4_sides_1_open,
          nicolae_spider_hilbert_4_sides_1_open,
          nicolae_spider_hilbert_4_sides_1_open,
          nicolae_spider_hilbert_4_sides_1_open,
          nicolae_spider_hilbert_4_sides_1_open,
          nicolae_spider_hilbert_3_sides_1_open,
          nicolae_spider_hilbert_3_sides_1_open,
          nicolae_spider_hilbert_3_sides_1_open,
          nicolae_spider_hilbert_3_sides_1_open], nicolae_arachne_temple
Spider:3: layout_spider_delve, nzn_ghost_randoct, nicolae_spider_webbed_stairs,
          hangedman_spider_tarantella_strand, uniq_arachne
Spider:4: floodkiller_spider_rune_tomb
Orc:1:    layout_caves, serial_shops, nicolae_diamond_shop, uniq_maurice
Orc:2:    st_orc_open, layout_caves, serial_shops, shop
Elf:1:    nicolae_elf_arrival_fired_up, layout_gridlike, serial_shops, shop,
          hangedman_elf_disciples
Elf:2:    elven_hall_of_blades_hangedman_original [nicolae_blade_lattice],
          layout_gridlike, minmay_shop_star
Elf:3:    minmay_elf_hall_hex, layout_loops_corners, uniq_roxanne
Vaults:1: nicolae_vaults_quadrants, nicolae_vaults_little_squares_6,
          v_pattern_3, v_misc_23, v_alt_pattern_4, vaults_dpeg_emergency_exit,
          nicolae_vaults_angled_halls, v_misc_12, v_alt_pattern_6,
          hangedman_vaults_stitches, v_misc_10,
          nicolae_vaults_network_periphery, vaults_room_stairs_pillars,
          nicolae_vaults_ring_of_whatevers, layout_vaults_maze_bifur,
          serial_shops, nicolae_shop_advertising_works
          [nicolae_subvault_shop_adworks]
Vaults:2: vaults_room_door_hall, nicolae_vaults_puzzle_piece, v_misc_9,
          nicolae_vaults_little_squares_3, ontoclasm_vaults_chip,
          vaults_dpeg_hooks, layout_vaults_omnigrid
Vaults:3: nicolae_vaults_theta, hangedman_vaults_nodes, v_misc_25,
          ontoclasm_vaults_decontamination, st_cross,
          minmay_crypt_entry_simple_box, v_misc_17, nicolae_vaults_network_s,
          hangedman_vaults_river_flow, hangedman_vaults_locks, v_misc_24,
          nicolae_vaults_theta, grunt_vaults_hallway_short,
          grunt_vaults_hallway_short, layout_vaults_omnicross
Vaults:4: ontoclasm_vaults_idyll, nicolae_vaults_back_hallway,
          nicolae_vaults_big_angled_halls, vaults_room_glass_cross,
          nicolae_vaults_circle_grid_b, nicolae_vaults_mini_display_case,
          v_misc_23, ontoclasm_vaults_misaligned, hangedman_vaults_capsules,
          hangedman_vaults_nails, hangedman_vaults_stretched_pinwheel,
          vaults_room_grid, layout_vaults_ring, uniq_donald

Skill      XL: |  1  2  3  4  5  6  7  8  9 10 11 12 13 14 15 16 17 18 19 20 21 22 |
---------------+-------------------------------------------------------------------+-----
Axes           | 3 4 5 13 | 13.0
Maces & Flails | 1 2 3 |  3.3
Fighting       | 4 5 6 8 10 12 14 16 17 19 20 22 24 25 26 27 | 27.0
Staves         | 3 5 6 7 9 10 11 13 | 13.8
Invocations    | 3 5 7 9 10 12 13 14 15 16 18 | 18.0
Armour         | 2 6 9 11 12 | 12.5
Dodging        | 3 5 7 9 10 | 10.5
Shields        | 6 11 13 14 | 14.2
Stealth        | 3 |  3.0

Action                   |  1- 3 |  4- 6 |  7- 9 | 10-12 | 13-15 | 16-18 | 19-21 | 22-24 || total
-------------------------+-------+-------+-------+-------+-------+-------+-------+-------++-------
Melee: Hand axe          |    85 |    19 |       |       |       |       |       |       ||   104
       Punch             |     2 |       |       |       |       |       |       |       ||     2
       Flail             |    29 |    73 |       |       |       |       |       |       ||   102
       War axe           |       |    14 |       |       |       |       |       |       ||    14
       Morningstar       |       |    55 |       |       |       |       |       |       ||    55
       Quarterstaff      |       |     9 |   157 |   416 |    38 |    95 |       |       ||   715
       Lajatang          |       |       |       |    72 |   769 |  1151 |  1859 |   512 ||  4363
Throw: Dart              |     3 |     6 |       |       |       |       |    21 |     3 ||    33
       Stone             |     4 |     2 |    16 |       |       |       |       |       ||    22
       Boomerang         |       |       |       |     5 |    13 |     9 |     5 |       ||    32
Invok: Finesse           |       |       |       |     1 |     1 |     5 |     9 |     6 ||    22
Evoke: Wand              |       |       |       |       |       |     5 |       |       ||     5
  Use: Scroll            |       |       |    17 |       |    16 |    19 |     5 |     3 ||    60
       Potion            |       |       |       |     1 |     1 |     3 |     4 |       ||     9
 Stab: Sleeping          |     4 |       |       |       |       |       |       |       ||     4
       Distracted        |       |       |       |       |       |     2 |       |       ||     2
Armor: Robe              |    36 |       |       |       |       |       |       |       ||    36
       Leather armour    |     6 |       |       |       |       |       |       |       ||     6
       Chain mail        |       |   119 |    72 |     5 |       |       |     8 |   193 ||   397
       Plate armour      |       |       |       |   112 |       |   841 |   949 |       ||  1902
       Troll leather arm |       |       |       |     9 |       |       |       |       ||     9
       Scale mail        |       |       |       |   112 |   284 |   266 |       |       ||   662
Dodge: Dodged            |    76 |    82 |    83 |   243 |   322 |   395 |   473 |   102 ||  1776
       Repelled          |       |       |     1 |     6 |     3 |     8 |     8 |       ||    26
Block: Kite shield       |     3 |    66 |       |       |       |       |       |       ||    69
       Other             |       |       |       |     2 |    99 |   251 |   262 |    49 ||   663
       Reflection        |       |       |       |       |     7 |     5 |     5 |     6 ||    23
